AoeStats
← b站江条

Arabia

503478779Analyzed
1v1 RM · 1mo ago on Aug 31, 2026· 32m 55s· 2 players
Game mode
Random Map
Map size
Tiny (2 player)
Population
200
Speed
Normal
Resources
Standard
Victory
Conquest
Starting age
Dark Age
Ending age
Imperial Age
RankedLock teamsTeams togetherTeam positionsShared explorationLock speedFull tech treeHidden civsTurbo modeCheats
Victory
Defeat
🇮🇳 Persians · India
1385
+14
🇨🇳 Maya · China
1347
-14
b站江条
0:26 Loom
9:20 Feudal Age
11:14 Double-Bit Axe
14:22 Fletching
14:52 Town Watch
21:44 Castle Age
21:07 Padded Archer Armor
21:07 Gold Mining
21:56 Crossbowman
22:40 Bodkin Arrow
25:33 Bow Saw
25:04 Horse Collar
26:23 Wheelbarrow
26:12 Thumb Ring
35:02 Imperial Age
Genghis huns
6:42 Loom
9:03 Feudal Age
9:45 Double-Bit Axe
10:04 Horse Collar
16:19 Padded Archer Armor
16:54 Fletching
21:58 Castle Age
20:40 Scale Barding Armor
21:11 Bloodlines
23:17 Wheelbarrow
22:53 Bow Saw
24:33 Elite Skirmisher
25:29 Bodkin Arrow
29:05 Chain Barding Armor
29:22 Town Watch
32:03 Leather Archer Armor
Connection lost

Rejoining the realm…

Still unreachable

The connection could not be restored.

Session expired

The server has moved on; the page needs a fresh start.